AoeStats
← E-d-d-i-e91G

Pilgrims

509564498Analyzed
2v2 RM · 7d ago on Sep 27, 2026· 47m 53s· 4 players
Game mode
Random Map
Map size
Medium (4 player)
Population
200
Speed
Normal
Resources
Standard
Victory
Conquest
Starting age
Dark Age
Ending age
Imperial Age
RankedLock teamsTeams togetherTeam positionsShared explorationLock speedFull tech treeHidden civsTurbo modeCheats
Victory
Defeat
🇦🇺 Mongols · Australia
458
+20
🇦🇺 Wu · Australia
437
+21
🇧🇷 Wei · Brazil
560
-21
🇩🇪 Wu · Germany
528
-20
segurancadigitaljc
19:08 Feudal Age
31:28 Castle Age
Bugi6161
14:29 Feudal Age
16:54 Bloodlines
16:42 Arson
16:22 Man-at-Arms
E-d-d-i-e91G
12:11 Feudal Age
13:34 Arson
14:04 Man-at-Arms
17:18 Wheelbarrow
17:02 Fishing Lines
23:43 Horse Collar
29:45 Town Watch
42:20 Castle Age
43:58 Gillnets
45:23 Hand Cart
45:15 Squires
44:40 Long Swordsman
IAMASTROMAN9714
32:03 Feudal Age
33:36 Horse Collar
35:45 Double-Bit Axe
35:25 Man-at-Arms
38:59 Arson
39:38 Bloodlines
40:35 Wheelbarrow
41:37 Scale Mail Armor
41:48 Forging
41:45 Scale Barding Armor
47:16 Castle Age
Connection lost

Rejoining the realm…

Still unreachable

The connection could not be restored.

Session expired

The server has moved on; the page needs a fresh start.